 Dungeon Crawl Stone Soup version 0.22-a0-348-gd16d139 (webtiles) character file.

40 grindst0ne the Insei (level 3, -9/28 HPs)
             Began as a Gnoll Transmuter on Apr 9, 2018.
             Mangled by a wight
             ... wielding a +5 battleaxe
              (10 damage)
             ... on level 2 of the Dungeon.
             The game lasted 00:01:49 (724 turns).

grindst0ne the Insei (Gnoll Transmuter)              Turns: 724, Time: 00:01:49

Health: -9/28      AC:  2    Str: 12    XL:     3   Next: 50%
Magic:  2/9        EV: 14    Int: 15    God:
Gold:   33         SH:  0    Dex: 16    Spells: 6/12 levels left

rFire    . . .     SeeInvis .     - Unarmed
rCold    . . .     Gourm    .   (no shield)
rNeg     . . .     Faith    .   b - +0 robe
rPois    .         Spirit   .   (no helmet)
rElec    .         Reflect  .   (no cloak)
rCorr    .         Harm     .   (no gloves)
MR       .....                  (no boots)
Stlth    ++........             (no amulet)
HPRegen  0.09/turn              (no ring)
MPRegen  0.11/turn              (no ring)

@: lethally poisoned (-9 -> -17), very slightly contaminated, drained
A: distributed training, fangs 1, strong nose
a: no special abilities


You were on level 2 of the Dungeon.
You were not hungry.

You visited 1 branch of the dungeon, and saw 2 of its levels.

You collected 33 gold pieces.

Inventory:

Missiles
 a - 11 arrows
Armour
 b - a +0 robe (worn)
 e - a +0 ring mail
Scrolls
 f - a scroll of immolation {unknown}
Comestibles
 c - 3 chunks of flesh
 d - 4 rations


   Skills:
 + Level 2.6(2.4) Fighting
 + Level 0.8(0.6) Short Blades
 + Level 0.8(0.6) Long Blades
 + Level 0.8(0.6) Axes
 + Level 0.8(0.6) Maces & Flails
 + Level 0.8(0.6) Polearms
 + Level 0.8(0.6) Staves
 + Level 0.8(0.6) Slings
 + Level 0.8(0.6) Bows
 + Level 0.8(0.6) Crossbows
 + Level 0.8(0.6) Throwing
 + Level 0.8(0.6) Armour
 + Level 4.5(4.3) Dodging
 + Level 0.8(0.6) Stealth
 + Level 0.8(0.6) Shields
 + Level 6.5(6.3) Unarmed Combat
 + Level 5.0(4.8) Spellcasting
 + Level 0.5(0.4) Conjurations
 + Level 0.5(0.4) Hexes
 + Level 0.5(0.4) Charms
 + Level 0.5(0.4) Summonings
 + Level 0.5(0.4) Necromancy
 + Level 0.5(0.4) Translocations
 + Level 3.7(3.6) Transmutations
 + Level 0.5(0.4) Fire Magic
 + Level 0.5(0.4) Ice Magic
 + Level 0.5(0.4) Air Magic
 + Level 0.5(0.4) Earth Magic
 + Level 0.5(0.4) Poison Magic
 + Level 1.0(0.8) Invocations
 + Level 0.8(0.6) Evocations


You had 6 spell levels left.
You knew the following spells:

 Your Spells              Type           Power        Failure   Level  Hunger
a - Beastly Appendage     Tmut           ##....       3%          1    None
b - Spider Form           Tmut/Pois      #.........   22%         3    ###....
c - Sticks to Snakes      Tmut           ##......     6%          2    ##.....


Dungeon Overview and Level Annotations

Branches:
Dungeon (2/15)

Altars:


Innate Abilities, Weirdness & Mutations

Your experience applies equally to all skills.
You have very sharp teeth.
Your uncanny sense of smell can sniff out nearby items.


Message History

You feel sick. The adder closely misses you.
You barely miss the adder.
The adder is almost dead.
* * * LOW HITPOINT WARNING * * *
You feel sick.
You kill the adder!
You barely miss the goblin. The goblin completely misses you.
You hit the goblin.
The goblin is poisoned.
The goblin is moderately wounded.
* * * LOW HITPOINT WARNING * * *
You feel sick.
You hit the goblin.
You kill the goblin!
Your base Invocations skill increases to level 1!
* * * LOW HITPOINT WARNING * * *
You feel sick.
Your transformation has ended.
Your +0 robe unmelds from your body.
The wight hits you with an enchanted battleaxe!
You die...

.............# #.
.####........###..
#..###.........#....
.#.#<..(............
.....###..####....##
.......#.##......##
...#.#..>...#..#.#
#......#.####.##.#
#.#.#.#...z@z...#
.#.......##..........
....>....#...........
#.#........>.<.......
#..........[.........
.#...................
##..................
......<..#.........
.#........##...


You could see 2 wights.

Vanquished Creatures
  An adder (D:2)
  A leopard gecko (D:1)
  2 giant cockroaches
  2 goblins (D:2)
  6 hobgoblins (D:1)
  3 jackals (D:1)
  5 bats (D:1)
  A frilled lizard (D:1)
  2 kobolds (D:1)
  4 rats
27 creatures vanquished.

Notes
Turn   | Place    | Note
-------+----------+-------------------------------------------
     0 | D:1      | grindst0ne the Gnoll Transmuter began the quest for the Orb.
     0 | D:1      | Reached XP level 1. HP: 17/17 MP: 6/6
    50 | D:1      | Reached XP level 2. HP: 23/23 MP: 7/7
   542 | D:1      | Reached XP level 3. HP: 23/28 MP: 9/9
   547 | D:1      | Learned a level 3 spell: Spider Form
   550 | D:1      | Learned a level 2 spell: Sticks to Snakes
   671 | D:2      | Reached skill level 5 in Spellcasting
   723 | D:2      | Reached skill level 1 in Invocations
   723 | D:2      | HP: 1/28 [poisoned by an adder]
   724 | D:2      | Mangled by a wight

Vault maps used:
D:1:      sevenhm_arrival_forest_fort_small_3
D:2:      gammafunk_temple_of_torment, serial_glass, glass_columns_a,
          glass_columns_a, kennysheep_jessica_study, uniq_sigmund

Skill      XL: |  1  2  3 |
---------------+----------+-----
Spellcasting   | 5 |  5.0
Invocations    | 1 |  1.0
Fighting       | |  2.6
Short Blades   | |  0.8
Long Blades    | |  0.8
Axes           | |  0.8
Maces & Flails | |  0.8
Polearms       | |  0.8
Staves         | |  0.8
Slings         | |  0.8
Bows           | |  0.8
Crossbows      | |  0.8
Throwing       | |  0.8
Armour         | |  0.8
Dodging        | |  4.5
Stealth        | |  0.8
Shields        | |  0.8
Unarmed Combat | |  6.5
Conjurations   | |  0.5
Hexes          | |  0.5
Charms         | |  0.5
Summonings     | |  0.5
Necromancy     | |  0.5
Translocations | |  0.5
Transmutations | |  3.7
Fire Magic     | |  0.5
Ice Magic      | |  0.5
Air Magic      | |  0.5
Earth Magic    | |  0.5
Poison Magic   | |  0.5
Evocations     | |  0.8

Action                   || total
-------------------------++-------
Melee: Unarmed           ||    88
       Bite              ||     8
       Kick              ||     1
       Headbutt          ||     3
       Punch             ||     1
 Cast: Beastly Appendage ||     6
       Spider Form       ||     1
       Sticks to Snakes  ||     1
 Stab: Sleeping          ||     1
Armor: Robe              ||    23
Dodge: Dodged            ||    87

Table legend:
 A = Spawn XP
 B = Non-spawn XP
 C = Spawn XP percentage of total XP
 D = Spawn monster count
 E = Non-spawn monster count
 F = Spawn count percentage of total count
 G = Total turns spent on level
                    A         B        C        D         E        F      G
               +---------+---------+-------+---------+---------+-------+---------
         Total |       0 |      58 |   0.0 |       0 |      27 |   0.0 |   724
               +---------+---------+-------+---------+---------+-------+---------
           D:1 |       0 |      37 |   0.0 |       0 |      22 |   0.0 |   665
           D:2 |       0 |      21 |   0.0 |       0 |       5 |   0.0 |    59
               +---------+---------+-------+---------+---------+-------+---------
